 Dungeon Crawl Stone Soup version 0.30-a0-782-ge64f9170bb (webtiles) character file.

Game seed: 2512168769432059190

259 senseless the Trooper (level 5, 0/43 HPs)
             Began as a Demonspawn Fighter on Mar 17, 2023.
             Was a Priest of Vehumet.
             Slain by Menkaure (6 damage)
             ... on level 4 of the Dungeon.
             The game lasted 00:05:42 (2438 turns).

senseless the Trooper (Demonspawn Fighter)          Turns: 2438, Time: 00:05:43

Health: 0/43       AC: 10    Str: 18    XL:     5   Next: 94%
Magic:  5/5        EV:  6    Int: 10    God:    Vehumet [***...]
Gold:   138        SH:  4    Dex: 12    Spells: 4/4 levels left

rFire   . . .      SeeInvis .    a - +0 war axe
rCold   . . .      Faith    .    c - +0 buckler
rNeg    . . .      Spirit   .    t - +0 chain mail
rPois   +          Reflect  .    (helmet restricted)
rElec   .          Harm     .    (no cloak)
rCorr   .          Rampage  .    (no gloves)
Will    .....                    (no boots) Stlth
                                 (no amulet)
HPRegen 0.27/turn                x - ring of poison resistance
MPRegen 0.18/turn                (no ring)

@: no status effects
A: antennae 1, rugged brown scales 1, magic regeneration
a: Renounce Religion


You were on level 4 of the Dungeon.
You worshipped Vehumet.
Vehumet was most pleased with you.
You visited 1 branch of the dungeon, and saw 4 of its levels.

You collected 138 gold pieces.

Inventory:

Hand Weapons
 a - a +0 war axe (weapon)
 r - the +9 dagger of the Howling One {elec, *Corrode rPois Int+5 SInv}
   (You found it on level 2 of the Dungeon)

   Int:       It affects your intelligence (+5).
   rPois:     It protects you from poison.
   SInv:      It lets you see invisible.
   *Corrode:  It may corrode you when you take damage.
 y - a +0 vampiric hand axe
Armour
 b - a +0 scale mail
 c - a +0 buckler (worn)
 t - a +0 chain mail (worn)
Jewellery
 x - a ring of poison resistance (left hand)
Wands
 s - a wand of roots (7)
Scrolls
 e - a scroll of enchant armour {unknown}
 g - a scroll of magic mapping {unknown}
 h - a scroll of poison {unknown}
 l - 3 scrolls of identify {unknown}
 m - a scroll of immolation {unknown}
 n - a scroll of amnesia {unknown}
 o - a scroll of butterflies {unknown}
 p - a scroll of teleportation {unknown}
 q - a scroll of enchant weapon {unknown}
 u - a scroll of silence {unknown}
 v - a scroll of fear {unknown}
Potions
 d - a potion of might
 f - a potion of heal wounds {unknown}
 i - 2 potions of curing {unknown}
 j - a potion of degeneration {unknown}
 k - 2 potions of brilliance {unknown}
 w - 2 potions of invisibility {unknown}


   Skills:
 + Level 4.2 Fighting
 + Level 3.1 Axes
 + Level 3.8 Armour
 + Level 3.8 Shields


You had 4 spell levels left.
You didn't know any spells.
Your spell library contained the following spells:

 Spells                   Type           Power      Damage    Failure   Level
 Inner Flame              Hex/Fire       0%         N/A       98%         3
 Freeze                   Ice            0%         1d3       80%         1
 Shock                    Conj/Air       0%         1d3       80%         1
 Poisonous Vapours        Pois/Air       0%         N/A       90%         2
 Frozen Ramparts          Ice            0%         1d1       98%         3
 Hailstorm                Conj/Ice       0%         3d3       98%         3
 Mephitic Cloud           Conj/Pois/Air  0%         N/A       98%         3
 Sting                    Tmut/Pois      0%         1d3       99%         1
 Cigotuvi's Dreadful Rot  Necr/Pois/Air  0%         N/A       100%        2
 Swiftness                Air            0%         N/A       100%        3
 Airstrike                Air            0%         2d(0-16)  100%        4
 Olgreb's Toxic Radiance  Pois           0%         N/A       100%        4


Dungeon Overview and Level Annotations

Branches:
Dungeon (4/15)
 Temple: D:4-7

Altars:
Vehumet

Annotations:
D:4 Menkaure


Innate Abilities, Weirdness & Mutations

You have a pair of small antennae on your head.
You are partially covered in rugged brown scales. (AC +1, +3% HP)
You regenerate magic rapidly.


Message History

y - a +0 vampiric hand axe No target in view!
Menkaure casts a spell at you. Pain shoots through your body!
You hit Menkaure but do no damage. Menkaure hits you.
You block Menkaure's attack.
You hit Menkaure.
Menkaure is lightly damaged.
Menkaure calls on the powers of darkness!
Your body is wracked with pain!
You hit Menkaure.
Menkaure is moderately damaged.
You block Menkaure's attack.
You slash Menkaure!
Menkaure is severely damaged.
Menkaure barely misses you.
You hit Menkaure but do no damage.
Menkaure is severely damaged.
You block Menkaure's attack.
You barely miss Menkaure.
Menkaure is severely damaged.
Menkaure gestures at you while chanting.
Pain shoots through your body!
You hit Menkaure.
Menkaure is almost destroyed.
Menkaure points at you and mumbles some strange words.
Pain shoots through your body!
* * * LOW HITPOINT WARNING * * *
You hit Menkaure but do no damage.
Menkaure is almost destroyed.
Menkaure hits you but does no damage.
You barely miss Menkaure.
Menkaure is almost destroyed.
Menkaure calls on the powers of darkness!
Your body is wracked with pain!
* * * LOW HITPOINT WARNING * * *
You barely miss Menkaure.
Menkaure is almost destroyed.
Menkaure hits you.
You die...

.# ...####.
#.. #.....<
#.# ###.###
####.##
#.....
#.##.#
#)##.# #
#<))M##.##
#.##@....#
#.##.##..##
#.........#
#......#..#
####.#.# #
#.#...
#......#
#.####.#
#.. .#


You could see Menkaure.

Vanquished Creatures
  A scorpion (D:3)
  Natasha (twice) (D:2)
  Robin (D:2)
  2 adders (D:3)
  2 worms (D:2)
  8 dart slugs
  5 orcs (D:4)
  9 bats
  6 endoplasms
  2 giant cockroaches
  13 goblins
  12 hobgoblins
  2 jackals (D:1)
  7 kobolds
  4 quokkas
  6 ball pythons
  5 frilled lizards
  3 rats
90 creatures vanquished.

Notes
Turn   | Place    | Note
-------+----------+-------------------------------------------
     0 | D:1      | senseless the Demonspawn Fighter began the quest for the
                  | Orb.
     0 | D:1      | Reached XP level 1. HP: 18/18 MP: 1/1
    50 | D:1      | Found a faded altar of an unknown god.
    60 | D:1      | Gained mutation: You regenerate magic rapidly. [demonic
                  | ancestry]
    60 | D:1      | Reached XP level 2. HP: 20/24 MP: 2/2
    97 | D:1      | Prayed at the altar of an unknown god.
    97 | D:1      | Became a worshipper of Vehumet
    97 | D:1      | Reached * piety under Vehumet
    97 | D:1      | Offered knowledge of Shock by Vehumet.
   345 | D:1      | Gained mutation: You have a pair of small antennae on your
                  | head. [demonic ancestry]
   345 | D:1      | Reached XP level 3. HP: 29/29 MP: 3/3
   738 | D:2      | Reached ** piety under Vehumet
   740 | D:2      | Offered knowledge of Scorch by Vehumet.
   837 | D:2      | Reached XP level 4. HP: 26/35 MP: 4/4
   901 | D:2      | Noticed Robin
   915 | D:2      | Killed Robin
   995 | D:2      | Noticed Natasha
  1006 | D:2      | Killed Natasha
  1204 | D:2      | Noticed Natasha
  1214 | D:2      | Killed Natasha
  1215 | D:2      | Gained mutation: You are partially covered in rugged brown
                  | scales. (AC +1, +3% HP) [demonic ancestry]
  1215 | D:2      | Reached XP level 5. HP: 17/43 MP: 5/5
  1385 | D:2      | Identified the +9 dagger of the Howling One {elec, *Corrode
                  | rPois Int+5 SInv}
  1739 | D:3      | Offered knowledge of Inner Flame by Vehumet.
  1837 | D:3      | Reached skill level 4 in Fighting
  2414 | D:4      | Noticed Menkaure
  2416 | D:4      | Reached *** piety under Vehumet
  2438 | D:4      | Slain by Menkaure

Illustrated notes

Levels and vault maps discovered:
D:1:      lemuel_arrival_behind_the_door_small, layout_rooms,
          dreamdust_ecumenical_altar_statues, minivault_5
D:2:      cheibrodos_helix_gallery, layout_rooms,
          minmay_fractal_squares_gapless_5, uniq_natasha, uniq_robin
D:3:      layout_loops_cross
D:4:      layout_loops_cross, lemuel_round_altar, serial_shops, shop,
          uniq_menkaure

Skill      XL: |  1  2  3  4  5 |
---------------+----------------+-----
Axes           | 2 3 |  3.1
Armour         | 3 |  3.8
Shields        | 3 |  3.8
Fighting       | 4 |  4.2

Action                     |  1- 3 |  4- 6 || total
---------------------------+-------+-------++-------
  Melee: War axe           |    97 |   153 ||   250
 Armour: Scale mail        |    59 |    34 ||    93
         Chain mail        |       |    56 ||    56
  Dodge: Dodged            |    40 |    52 ||    92
  Block: Buckler           |    27 |    40 ||    67

Table legend: (Time is in decaauts)
 A = Elapsed time spent in this place.
 B = Non-inter-level travel time spent in this place.
 C = Inter-level travel time spent in this place.
 D = Time resting spent in this place.
 E = Time spent auto-exploring this place.
 F = Levels seen in this place.
 G = Mean time per level.
                   A        B        C        D        E       F      G
               +--------+--------+--------+--------+--------+-----+--------+
         Total |   2551 |   2336 |    215 |     88 |   1622 |   4 |  637.8 |
       Dungeon |   2551 |   2336 |    215 |     88 |   1622 |   4 |  637.8 |
               +--------+--------+--------+--------+--------+-----+--------+

Top non-repeatable levels by time:
     D:2: 972 daAuts
     D:3: 901 daAuts
     D:1: 616 daAuts
     D:4: 62 daAuts
